 Dungeon Crawl Stone Soup version 0.31-a0-175-g9f7f995f2b (webtiles) character file.

Game seed: 15481318021167695404

145 qw the Shooter (level 5, 0/49 HPs)
             Began as a Naga Hunter on June 16, 2023.
             Slain by a scorpion (2 damage)
             ... on level 3 of the Dungeon.
             The game lasted 00:00:40 (1674 turns).

qw the Shooter (Naga Hunter)                        Turns: 1674, Time: 00:00:40

Health: 0/49       AC:  4    Str: 19    XL:     5   Next: 27%
Magic:  5/5        EV: 11    Int:  9    God:
Gold:   152        SH:  0    Dex: 23    Spells: 4/4 levels left

rFire   . . .        Y - +0 shortbow
rCold   . . .        (shield currently unavailable)
rNeg    . . .        c - +0 leather armour
rPois   +            (no helmet)
rElec   .            k - +0 cloak
rCorr   .            (no gloves)
SInv    +            (no barding)
Will    .....        (no amulet)
Stlth   ++           d - +6 ring of strength
HPRegen 0.28/turn    i - +6 ring of dexterity
MPRegen 0.09/turn

%: no passive effects
@: lethally poisoned (0 -> -2), about to teleport, very slow
A: AC +1, large, see invisible, deformed body, poison resistance, slowness 2,
spit poison 1, naga tail 1
a: Spit Poison


You were on level 3 of the Dungeon.
You visited 1 branch of the dungeon, and saw 3 of its levels.

You collected 152 gold pieces.


Innate Abilities, Weirdness & Mutations

Your serpentine skin is tough. (AC +1)
You have supernaturally acute eyesight. (SInv)
Armour fits poorly on your strangely shaped body.
Your system is resistant to poisons. (rPois)
You cover ground very slowly.
You can spit poison.
You have a snake-like lower body.


   Skills:
 - Level 3.0 Fighting
 + Level 5.0 Ranged Weapons
 - Level 2.4 Dodging
 - Level 1.5 Stealth


You had 4 spell levels left.
You didn't know any spells.
Your spell library was empty.

Inventory:

Hand Weapons
 Y - a +0 shortbow (weapon)
Armour
 c - a +0 leather armour (worn)
 k - a +0 cloak (worn)
Jewellery
 d - a +6 ring of strength (left hand)
 i - a +6 ring of dexterity (right hand)
Scrolls
 f - a scroll of identify {unknown}
 l - a scroll of teleportation
Potions
 a - a potion of heal wounds {unknown}
 b - a potion of brilliance {unknown}
 e - a potion of degeneration {unknown}
 g - a potion of curing
 h - a potion of berserk rage {unknown}
 j - a potion of invisibility {unknown}

Dungeon Overview and Level Annotations

Branches:
Dungeon (3/15)

Altars:
Nemelex Xobeh

Annotations:
D:3 1 runed translucent door


Message History

Your Dodging skill increases to level 2!
You shoot an arrow. The arrow hits the scorpion!
The scorpion is heavily wounded.
The scorpion stings you.
You shoot an arrow. The arrow barely misses the scorpion.
The arrow barely misses the rat.
The scorpion stings you.
You are poisoned.
The scorpion poisons you! The orc hits you with a +0 club.
The scorpion stings you but does no damage.
You shoot an arrow. The arrow hits the scorpion.
The scorpion is severely wounded.
You have got your breath back.
You feel very sick.
The scorpion stings you but does no damage.
The orc hits you with a +0 club.
1670 ||| INVOKING Spit Poison.
Aiming: Spit Poison (1% risk of failure)
Press: ? - help, Shift-Dir - straight line, f/p - scorpion The splash of poison hits the scorpion but does no damage.
The scorpion is severely wounded.
You feel sick. The scorpion stings you. The orc closely misses you.
You shoot an arrow. The arrow barely misses the scorpion.
The arrow hits the rat!
You kill the rat!
You feel sick.
The scorpion stings you but does no damage.
The orc hits you but does no damage. The scorpion closely misses you.
You shoot an arrow. The arrow closely misses the scorpion.
You feel sick. The orc closely misses you. The scorpion stings you.
1673 ||| READING 2 scrolls of teleportation.
As you read the scroll of teleportation, it crumbles to dust.
You feel strangely unstable.
You feel sick. The scorpion stings you. The orc hits you but does no damage.
The scorpion barely misses you.
You shoot an arrow. The arrow hits the scorpion.
The scorpion is almost dead.
You have got your breath back.
You feel sick. The orc hits you but does no damage. The scorpion stings you.
You die...

##. .... <.. ..# ..
..# .)..# .!#.## ##
#. ...[[# .# #.#
..#so# .# #.
#.##.##@.# .#
#.##.##.##..####.#
.#
#.#...#..........#
.#
#......###...#####
.# #............#
.#######.....###...#
......###...## ###.#
.####.# ##.## ..#
...##.# #.# .#.#


You could see a scorpion and an orc.

Vanquished Creatures
  An orc priest (D:3)
  2 adders (D:2)
  3 gnolls (D:2)
  A worm (D:2)
  3 dart slugs
  2 orcs (D:3)
  5 ball pythons
  4 endoplasms
  3 giant cockroaches
  4 goblins
  A hobgoblin (D:1)
  8 jackals
  5 kobolds
  A quokka (D:3)
  9 bats
  A frilled lizard (D:1)
  4 rats
57 creatures vanquished.

Notes
Turn   | Place    | Note
-------+----------+-------------------------------------------
     0 | D:1      | qw the Naga Hunter began the quest for the Orb.
     0 | D:1      | Reached XP level 1. HP: 19/19 MP: 1/1
     0 | D:1      | 0 ||| qw: Version: 0.2-a-29-g511e9b1
     0 | D:1      | 0 ||| qw: Game counter: 5792
     0 | D:1      | 0 ||| qw: Always use a shield: true
     0 | D:1      | 0 ||| qw: God list: Okawaru
     0 | D:1      | 0 ||| qw: Allow faded altars: false
     0 | D:1      | 0 ||| qw: Do Orc after D:15 true
     0 | D:1      | 0 ||| qw: Do second Lair branch before Depths: true
     0 | D:1      | 0 ||| qw: Lair rune preference: random
     0 | D:1      | 0 ||| qw: Plans: Normal
     0 | D:1      | 0 ||| PLANNING D:1-11
    14 | D:1      | 14 ||| INVOKING Spit Poison.
    77 | D:1      | 77 ||| INVOKING Spit Poison.
    81 | D:1      | Reached skill level 4 in Ranged Weapons
    81 | D:1      | Reached XP level 2. HP: 26/26 MP: 2/2
   110 | D:1      | 110 ||| INVOKING Spit Poison.
   116 | D:1      | 116 ||| INVOKING Spit Poison.
   154 | D:1      | 154 ||| INVOKING Spit Poison.
   160 | D:1      | 160 ||| INVOKING Spit Poison.
   164 | D:1      | 164 ||| INVOKING Spit Poison.
   167 | D:1      | 167 ||| INVOKING Spit Poison.
   171 | D:1      | 171 ||| INVOKING Spit Poison.
   331 | D:1      | 331 ||| INVOKING Spit Poison.
   377 | D:1      | 377 ||| INVOKING Spit Poison.
   469 | D:1      | 469 ||| INVOKING Spit Poison.
   549 | D:1      | 549 ||| INVOKING Spit Poison.
   551 | D:1      | Reached XP level 3. HP: 32/32 MP: 3/3
   586 | D:1      | 586 ||| INVOKING Spit Poison.
   641 | D:1      | 641 ||| UPGRADING to +0 cloak.
   646 | D:1      | 646 ||| UPGRADING to +6 ring of strength.
   647 | D:1      | 647 ||| UPGRADING to +6 ring of dexterity.
   648 | D:1      | 648 ||| READING scroll labelled ESKUISOXZI WEHEA.
   652 | D:1      | 652 ||| DRINKING 2 glowing cyan potions.
   653 | D:1      | 653 ||| DROPPING scroll of butterflies.
   673 | D:2      | Found a faded altar of an unknown god.
   702 | D:2      | 702 ||| INVOKING Spit Poison.
   721 | D:2      | 721 ||| INVOKING Spit Poison.
   726 | D:2      | 726 ||| INVOKING Spit Poison.
   732 | D:2      | 732 ||| INVOKING Spit Poison.
   736 | D:2      | 736 ||| INVOKING Spit Poison.
   737 | D:2      | Reached skill level 5 in Ranged Weapons
   737 | D:2      | Reached XP level 4. HP: 39/39 MP: 4/4
   740 | D:2      | 740 ||| INVOKING Spit Poison.
   743 | D:2      | 743 ||| INVOKING Spit Poison.
   798 | D:2      | 798 ||| INVOKING Spit Poison.
   888 | D:2      | 888 ||| INVOKING Spit Poison.
  1018 | D:2      | 1018 ||| INVOKING Spit Poison.
  1023 | D:2      | 1023 ||| INVOKING Spit Poison.
  1026 | D:2      | 1026 ||| INVOKING Spit Poison.
  1032 | D:2      | 1032 ||| INVOKING Spit Poison.
  1035 | D:2      | 1035 ||| INVOKING Spit Poison.
  1038 | D:2      | 1038 ||| INVOKING Spit Poison.
  1115 | D:2      | 1115 ||| INVOKING Spit Poison.
  1134 | D:2      | Reached skill level 3 in Fighting
  1151 | D:2      | 1151 ||| INVOKING Spit Poison.
  1189 | D:2      | 1189 ||| INVOKING Spit Poison.
  1190 | D:2      | 1190 ||| INVOKING Spit Poison.
  1561 | D:2      | 1561 ||| DRINKING 3 pink potions.
  1562 | D:2      | 1562 ||| DROPPING 2 potions of attraction.
  1590 | D:3      | Found a runed translucent door.
  1591 | D:3      | 1591 ||| INVOKING Spit Poison.
  1596 | D:3      | 1596 ||| INVOKING Spit Poison.
  1618 | D:3      | 1618 ||| INVOKING Spit Poison.
  1622 | D:3      | 1622 ||| INVOKING Spit Poison.
  1623 | D:3      | Found a sparkling altar of Nemelex Xobeh.
  1662 | D:3      | 1662 ||| INVOKING Spit Poison.
  1662 | D:3      | Noticed a scorpion
  1664 | D:3      | Reached XP level 5. HP: 49/49 MP: 5/5
  1665 | D:3      | 1665 ||| INVOKING Spit Poison.
  1670 | D:3      | 1670 ||| INVOKING Spit Poison.
  1672 | D:3      | HP: 12/49 [poisoned by a scorpion]
  1673 | D:3      | 1673 ||| READING 2 scrolls of teleportation.
  1673 | D:3      | HP: 3/49 [scorpion (5)]
  1674 | D:3      | Slain by a scorpion

Levels and vault maps discovered:
D:1:      lightli_arrival_statuegarden, layout_basic,
          hangedman_abyss_or_decor_lesser_grid
D:2:      layout_loops_ring, nicolae_ecumenical_pavilion, chequers_big_river,
          chequers_decorated_corner, minmay_misc_feat_columns,
          mrwooster_statue_mirror, minmay_box_of_dots
D:3:      layout_loops_ring, old_standard_altar, gammafunk_ghost_grave

Skill      XL: |  1  2  3  4  5 |
---------------+----------------+-----
Ranged Weapons | 4 5 |  5.0
Fighting       | 3 |  3.0
Dodging        | 2 |  2.4
Stealth        | |  1.5

Action                     |  1- 3 |  4- 6 || total
---------------------------+-------+-------++-------
   Fire: Shortbow          |    50 |    59 ||   109
Ability: Spit Poison       |    19 |    20 ||    39
    Use: Potion            |     1 |     1 ||     2
         Scroll            |     1 |     1 ||     2
 Armour: Leather armour    |     3 |    25 ||    28
  Dodge: Dodged            |    12 |    29 ||    41

Table legend:
 A = Non-vault XP
 B = Vault XP
 C = Vault XP percentage of total XP
 D = Non-vault monster count
 E = Vault monster count
 F = Vault count percentage of total count
                 A         B        C        D         E       F
            +---------+---------+-------+---------+---------+-------
      Total |     198 |      10 |   4.8 |      54 |       3 |   5.3
            +---------+---------+-------+---------+---------+-------
        D:1 |      36 |       0 |   0.0 |      19 |       0 |   0.0
        D:2 |     102 |      10 |   8.9 |      24 |       3 |  11.1
        D:3 |      60 |       0 |   0.0 |      11 |       0 |   0.0
            +---------+---------+-------+---------+---------+-------
